 Dungeon Crawl Stone Soup version 0.27-a0-681-g0c81a3c1c3 (webtiles) character file.

Game seed: 3702448302415751233

17 Lanoc the Skirmisher (level 2, 0/28 HPs)
             Began as a Naga Abyssal Knight on Mar 20, 2021.
             Was a Follower of Lugonu.
             Hit by a stone thrown by a kobold (3 damage)
             ... on level 2 of the Dungeon.
             The game lasted 00:00:39 (174 turns).

Lanoc the Skirmisher (Naga Abyssal Knight)           Turns: 174, Time: 00:00:40

Health: 0/28       AC:  2    Str: 14    XL:     2   Next: 62%
Magic:  3/3        EV:  9    Int: 12    God:    Lugonu [*.....]
Gold:   12         SH:  0    Dex: 10    Spells: 1/1 levels left

rFire    . . .     SeeInvis +   a - +1 spear
rCold    . . .     Faith    .   (no shield)
rNeg     . . .     Spirit   .   b - +0 leather armour
rPois    +         Reflect  .   (no helmet)
rElec    .         Harm     .   (no cloak)
rCorr    .         Rampage  .   (no gloves)
Will     .....                  (no barding)
Stlth    +.........             (no amulet)
HPRegen  0.09/turn              (no ring)
MPRegen  0.08/turn              (no ring)

@: lethally poisoned (0 -> -4), very slow
A: AC +0, large, see invisible, deformed body, poison resistance, slowness 2,
spit poison 1, naga tail 1
a: Spit Poison, Renounce Religion, Depart the Abyss


You were on level 2 of the Dungeon.
You worshipped Lugonu.
Lugonu was aware of your devotion.
You visited 1 branch of the dungeon, and saw 2 of its levels.
You visited the Abyss 1 time.

You collected 12 gold pieces.

Inventory:

Hand Weapons
 a - a +1 spear (weapon)
Armour
 b - a +0 leather armour (worn)
Scrolls
 c - a scroll of identify {unknown}


   Skills:
 + Level 3.1 Fighting
 * Level 2.4 Polearms
 - Level 1.5 Armour
 + Level 1.1 Dodging
 + Level 2.2 Invocations


You had one spell level left.
You didn't know any spells.
Your spell library was empty.

Dungeon Overview and Level Annotations

Branches:
Dungeon (2/15)

Altars:


Innate Abilities, Weirdness & Mutations

Your serpentine skin is tough. (AC +0)
You have supernaturally acute eyesight. (SInv)
Armour fits poorly on your strangely shaped body.
Your system is resistant to poisons. (rPois)
You cover ground very slowly.
You can spit poison.
You have a snake-like lower body.


Message History

You hit the adder.
The adder is severely wounded.
The goblin barely misses you. The adder bites you.
You are more poisoned.
The adder poisons you!
You closely miss the adder.
The adder is severely wounded.
You feel sick. The adder bites you but does no damage.
The goblin closely misses you.
You aren't carrying any potions.
You barely miss the adder.
The adder is severely wounded.
The adder barely misses you. The goblin barely misses you.
You hit the adder.
The adder is almost dead.
You feel sick. The adder bites you. The goblin closely misses you.
The adder closely misses you.
Press: ? - help, Shift-Dir - straight line, f - goblin
Aim: a goblin You fail to use your ability.
The adder bites you. The goblin barely misses you.
Press: ? - help, Shift-Dir - straight line, f/p - goblin
Aim: a goblin The splash of poison hits the goblin!
The goblin is poisoned.
You kill the goblin!
Lugonu accepts your kill.
You feel sick. The adder bites you.
* * * LOW HITPOINT WARNING * * *
You puncture the adder!
You kill the adder!
Lugonu accepts your kill.
You have got your breath back.
* * * LOW HITPOINT WARNING * * *
You feel sick.
* * * LOW HITPOINT WARNING * * *
You feel sick.
A kobold comes into view. It is wielding a +0 whip.
The kobold shouts!
The kobold throws a stone.
The stone hits you.
You die...

...... .. .####
##....#..# ....
.....#K.#
...####....#..# ...
.........## #.#
#........
###.###.####..#.#.####.
...............@.......
#.###................
#.####†.#.######. #<#
#....... #.# #...#.....
........#.####.#
##.........# #
........... #..##..####


You could see a kobold.

Vanquished Creatures
  An adder (D:2)
  A bat (D:1)
  A goblin (D:2)
  2 hobgoblins (D:1)
  A kobold (D:1)
  A frilled lizard (D:1)
  A rat (D:2)
8 creatures vanquished.

Notes
Turn   | Place    | Note
-------+----------+-------------------------------------------
     0 | Abyss:1  | Lanoc the Naga Abyssal Knight began the quest for the Orb.
     0 | Abyss:1  | Reached XP level 1. HP: 21/21 MP: 2/2
    24 | D:1      | Escaped the Abyss
   156 | D:2      | Reached skill level 1 in Dodging
   156 | D:2      | Reached XP level 2. HP: 28/28 MP: 3/3
   174 | D:2      | Hit by a stone thrown by a kobold

Illustrated notes

Levels and vault maps discovered:
D:1:      tarquinn_simple_flora_water_d, layout_loops_cross, serial_shops,
          nicolae_shop_stone, moated_statue, nrook_campfire,
          minmay_misc_feat_chi, grunt_decor_fettered
D:2:      layout_basic, old_standard_altar, uniq_crazy_yiuf_cottage

Skill      XL: |  1 |
---------------+----+-----
Dodging        | 1 |  1.1
Fighting       | |  3.1
Polearms       | |  2.4
Armour         | |  1.5
Invocations    | |  2.2

Action                   || total
-------------------------++-------
Melee: Spear             ||    16
 Abil: Spit Poison       ||     6
Armor: Leather armour    ||     2
Dodge: Dodged            ||    16

Table legend: (Time is in decaauts)
 A = Elapsed time spent in this place.
 B = Non-inter-level travel time spent in this place.
 C = Inter-level travel time spent in this place.
 D = Time resting spent in this place.
 E = Time spent auto-exploring this place.
 F = Levels seen in this place.
 G = Mean time per level.
                   A        B        C        D        E       F      G
               +--------+--------+--------+--------+--------+-----+--------+
         Total |    212 |    203 |      9 |      0 |    145 |   3 |   70.7 |
       Dungeon |    179 |    170 |      9 |      0 |    118 |   2 |   89.5 |
         Abyss |     33 |     33 |      0 |      0 |     26 |   1 |   33.0 |
               +--------+--------+--------+--------+--------+-----+--------+

Top non-repeatable levels by time:
     D:1: 151 daAuts
 Abyss:1: 33 daAuts
     D:2: 28 daAuts
